 Dungeon Crawl Stone Soup version 0.28-b1-25-g9875b3fc8c (webtiles) character file.

Game seed: 13477981089299099214

2321 Lathuz the Basher (level 9, 0/79 HPs)
             Began as a Minotaur Fighter on Feb 3, 2022.
             Was a Follower of the Shining One.
             Shot with an arrow by a centaur (2 damage)
             ... on level 7 of the Dungeon.
             The game lasted 00:20:36 (7429 turns).

Lathuz the Basher (Minotaur Fighter)                Turns: 7429, Time: 00:20:36

Health: 0/79       AC: 13    Str: 32    XL:     9   Next: 18%
Magic:  8/8        EV: 11    Int:  5    God:    the Shining One [*.....]
Gold:   426        SH:  5    Dex:  9    Spells: 8/8 levels left

rFire   . . .      SeeInvis .   a - +0 flail
rCold   . . .      Faith    .   c - +0 buckler
rNeg    . . .      Spirit   .   p - +0 plate armour
rPois   .          Reflect  .   (helmet restricted)
rElec   .          Harm     .   (no cloak)
rCorr   .          Rampage  .   (no gloves)
Will    .....                   (no boots)
Stlth   ..........              (no amulet)
HPRegen 0.23/turn               h - +4 ring of evasion
MPRegen 0.11/turn               m - +6 ring of strength

@: glowing
A: horns 2, retaliatory headbutt
a: Renounce Religion, Divine Shield


You were on level 7 of the Dungeon.
You worshipped the Shining One.
The Shining One was aware of your devotion.
You visited 2 branches of the dungeon, and saw 8 of its levels.

You collected 426 gold pieces.

Inventory:

Hand Weapons
 a - a +0 flail (weapon)
Missiles
 r - 10 poisoned darts
 s - 439 stones (quivered)
 A - a boomerang of dispersal
Armour
 c - a +0 buckler (worn)
 p - a +0 plate armour (worn)
Jewellery
 e - a ring of ice
 h - a +4 ring of evasion (left hand)
 m - a +6 ring of strength (right hand)
 y - a ring of fire
 B - a ring of wizardry
 E - a ring of poison resistance
Wands
 i - a wand of iceblast (18)
Scrolls
 d - 2 scrolls of blinking {unknown}
 n - a scroll of fear {unknown}
 o - a scroll of immolation {unknown}
 q - 2 scrolls of teleportation {unknown}
 t - a scroll of brand weapon {unknown}
 u - a scroll of holy word {unknown}
 v - 4 scrolls of identify {unknown}
 w - 2 scrolls of vulnerability {unknown}
 x - a scroll of magic mapping {unknown}
 C - a scroll of enchant weapon {unknown}
 F - a scroll of fog {unknown}
Potions
 b - a potion of degeneration {unknown}
 f - 2 potions of brilliance {unknown}
 g - a potion of heal wounds {unknown}
 j - a potion of resistance {unknown}
 k - 3 potions of attraction {unknown}
 l - a potion of mutation {unknown}
 z - a potion of magic {unknown}
 D - a potion of haste {unknown}
 G - a potion of lignification {unknown}
 J - 4 potions of curing {@q1}
 M - a potion of might


   Skills:
 + Level 7.6 Fighting
 * Level 9.6 Maces & Flails
 + Level 7.4 Armour
 + Level 7.4 Shields


You had 8 spell levels left.
You didn't know any spells.
Your spell library contained the following spells:

 Spells                   Type           Power      Damage    Failure   Level
 Call Canine Familiar     Summ           0%         N/A       100%        3
 Portal Projectile        Hex/Tloc       0%         N/A       100%        3
 Leda's Liquefaction      Hex/Erth       0%         N/A       100%        4


Dungeon Overview and Level Annotations

Branches:
Dungeon (7/15)             Temple (1/1) D:4

Altars:
Ashenzari
Cheibriados
Dithmenos
Elyvilon
Gozag
Kikubaaqudgha
Makhleb
Nemelex Xobeh
Okawaru
Sif Muna
Trog
Uskayaw
Vehumet
Wu Jian
Yredelemnul
Zin
The Shining One

Shops:
D:2 =

Annotations:
D:7 Harold


Innate Abilities, Weirdness & Mutations

You have a pair of horns on your head.
You reflexively headbutt those who attack you in melee.


Message History

The sky beast is almost dead.
You hit the sky beast but do no damage.
You headbutt the sky beast, but do no damage.
The sky beast is almost dead.
You sock the sky beast!
You kill the sky beast!
No target in view!
A centaur comes into view.
The centaur shouts!
The centaur wields a +0 shortbow.
The centaur shoots an arrow.
The arrow hits you!
The centaur shoots an arrow.
The centaur shoots an arrow.
The arrow hits you.
You hear a shout!
Harold the Weathered comes into view.
He is wielding a +0 trident.
Harold shouts!
Harold throws a throwing net.
The throwing net hits you.
You become entangled in the net!
You see here a throwing net.
You struggle against the net.
The centaur shoots an arrow.
The arrow hits you.
You struggle against the net.
The centaur shoots an arrow.
The arrow hits you!
The centaur shoots an arrow.
The arrow hits you.
You struggle against the net.
Harold pauses a moment, imagining something with a smile on his face.
You struggle against the net.
The centaur shoots an arrow.
The arrow hits you.
Harold hits you from afar with a +0 trident!
The centaur shoots an arrow.
The arrow hits you!
* * * LOW HITPOINT WARNING * * *
You rip the net and break free!
The centaur shoots an arrow.
The centaur shoots an arrow.
The arrow hits you.
* * * LOW HITPOINT WARNING * * *
You close the door.
A centaur opens the door.
The centaur shoots an arrow.
The arrow hits you!
* * * LOW HITPOINT WARNING * * *
The centaur shoots an arrow.
The arrow hits you!
* * * LOW HITPOINT WARNING * * *
The centaur shoots an arrow.
The arrow hits you.
* * * LOW HITPOINT WARNING * * *
The centaur shoots an arrow. x2; The arrow hits you.
You die...

...................
#+#..............#
..#..............#
..+..............#
.##..............#####
.##..................##
.
###..............))...+
[. #####'##.....<.)...##
.# #...#......@....# ..#
#...#...........# ...##
#...########...c##......
######...# #...@'.......
.........#
####....####....
######...# ...........#
# .........#
####....##.# #####...##
#....##.#### ...##...#
###.##......


You could see Harold and a centaur.

Vanquished Creatures
  Menkaure (D:7)
  A black bear (D:6)
  An ice beast (D:6)
  6 sky beasts
  3 ogres
  A bullfrog (D:7)
  A gnoll sergeant (D:5)
  A scorpion (D:5)
  A howler monkey (D:7)
  3 wights (D:7)
  A bullfrog zombie (D:6)
  3 hounds
  A centaur skeleton (D:6)
  2 gnoll shamans
  Jessica (D:2)
  An iguana (D:5)
  5 orc wizards
  A hound skeleton (D:4)
  A howler monkey zombie (D:7)
  Robin (D:2)
  A howler monkey skeleton (D:4)
  23 gnolls
  4 adders
  A shadow imp (D:6)
  A white imp (D:5)
  2 dart slugs
  15 orcs
  6 endoplasms
  3 giant cockroaches
  26 hobgoblins
  4 quokkas
  4 ball pythons (D:1)
  2 bats
  7 frilled lizards
  45 goblins
  12 kobolds
  6 rats
198 creatures vanquished.

Vanquished Creatures (others)
  An orc wizard (D:4)
  10 demonic plants (D:2)
  10 fungi (D:2)
  2 plants (D:2)
  3 withered plants (D:2)
26 creatures vanquished.

Grand Total: 224 creatures vanquished

Notes
Turn   | Place    | Note
-------+----------+-------------------------------------------
     0 | D:1      | Lathuz the Minotaur Fighter began the quest for the Orb.
     0 | D:1      | Reached XP level 1. HP: 19/19 MP: 0/0
   364 | D:2      | Reached XP level 2. HP: 27/27 MP: 1/1
   374 | D:2      | Reached skill level 3 in Maces & Flails
   377 | D:2      | Reached XP level 3. HP: 31/33 MP: 2/2
   722 | D:2      | Reached XP level 4. HP: 40/40 MP: 3/3
   816 | D:2      | Found a faded altar of an unknown god.
   816 | D:2      | Noticed Jessica
   825 | D:2      | Killed Jessica
   826 | D:2      | Reached skill level 4 in Maces & Flails
   832 | D:2      | Noticed Robin
   841 | D:2      | Killed Robin
  1091 | D:2      | Found Pedid's Jewellery Shop.
  1279 | D:1      | Reached XP level 5. HP: 47/47 MP: 4/4
  2496 | D:3      | Found a basalt altar of Yredelemnul.
  2698 | D:3      | Reached skill level 5 in Maces & Flails
  2843 | D:3      | Reached XP level 6. HP: 50/55 MP: 5/5
  3017 | D:3      | Reached skill level 5 in Fighting
  3263 | D:3      | Reached skill level 5 in Armour
  3263 | D:3      | Reached skill level 5 in Shields
  3670 | D:4      | Found a shimmering blue altar of Sif Muna.
  3880 | D:4      | Reached skill level 6 in Maces & Flails
  3883 | D:4      | Reached XP level 7. HP: 61/61 MP: 6/6
  4068 | D:4      | Found a staircase to the Ecumenical Temple.
  4222 | D:4      | Found a bloodstained altar of Trog.
  4594 | Temple   | Entered the Ecumenical Temple
  4626 | Temple   | Became a worshipper of the Shining One
  4848 | D:5      | Entered Level 5 of the Dungeon
  5486 | D:5      | Found an ancient bone altar of Kikubaaqudgha.
  5844 | D:5      | Reached skill level 7 in Maces & Flails
  6085 | D:6      | Found a white marble altar of Elyvilon.
  6223 | D:6      | Found a hide-covered altar of Uskayaw.
  6244 | D:6      | Reached XP level 8. HP: 54/70 MP: 7/7
  6430 | D:6      | Reached skill level 8 in Maces & Flails
  6691 | D:6      | Found a radiant altar of Vehumet.
  6924 | D:7      | Reached * piety under the Shining One
  7038 | D:7      | Reached skill level 9 in Maces & Flails
  7079 | D:7      | Reached XP level 9. HP: 70/79 MP: 8/8
  7210 | D:7      | Noticed Menkaure
  7215 | D:7      | Killed Menkaure
  7418 | D:7      | Noticed Harold
  7428 | D:7      | HP: 2/79 [centaur/arrow (6)]
  7429 | D:7      | Shot with an arrow by a centaur

Illustrated notes

Levels and vault maps discovered:
D:1:      sevenhm_arrival_forest_fort_large_2, layout_loops_ring,
          serial_bayou_pond_d, minmay_misc_feat_rows,
          chequers_serial_rivers_micro_c, minmay_lizard_pond
D:2:      layout_rooms, serial_shops, shop_fountains,
          shapermc_ecumenical_altar_gd, lightli_corner_chamber, uniq_jessica,
          uniq_robin
D:3:      minmay_goblin_kobold_castle, layout_rooms, overflow_temple_1_default
D:4:      layout_cave_pools, mainiacjoe_overflow_surrounded_room,
          kennysheep_orc_sif_temple, minmay_temple_entry_large_hall
D:5:      layout_cave_pods, lemuel_crystal_altar,
          amcnicky_mini_rare_corridor_liquid
D:6:      layout_cave_pools, mainiacjoe_overflow_brackets,
          mainiacjoe_overflow_alcove_1, elyvilon_altar_5,
          chequers_serial_rivers_room_a
D:7:      layout_basic, kennysheep_mini, nicolae_qazlal_eye_of_the_storm,
          st_stairs_10, uniq_menkaure, uniq_harold, uniq_crazy_yiuf_cottage,
          uniq_maggie
Temple:   eino_temple_lava

Skill      XL: |  1  2  3  4  5  6  7  8 |
---------------+-------------------------+-----
Maces & Flails | 3 4 5 6 7 9 |  9.6
Fighting       | 4 5 6 7 |  7.6
Armour         | 4 5 6 7 |  7.4
Shields        | 4 5 6 7 |  7.4

Action                   |  1- 3 |  4- 6 |  7- 9 || total
-------------------------+-------+-------+-------++-------
Melee: Flail             |    58 |   249 |   192 ||   499
       Headbutt          |     5 |    33 |    30 ||    68
Throw: Stone             |    10 |    48 |    25 ||    83
Armor: Scale mail        |    22 |     9 |       ||    31
       Chain mail        |       |    35 |       ||    35
       Plate armour      |       |    73 |    88 ||   161
Dodge: Dodged            |    35 |   152 |    68 ||   255
Block: Buckler           |    10 |    50 |    45 ||   105
